 Dungeon Crawl Stone Soup version 0.25.1-2-g60ff931df9 (webtiles) character file.

Game seed: 13523065607495883926

246 hawla the Twirler (level 5, -7/45 HPs)
             Began as a Minotaur Gladiator on Oct 18, 2020.
             Killed from afar by an orc wizard (9 damage)
             ... with a puff of flame
             ... on level 3 of the Dungeon.
             The game lasted 00:04:37 (2175 turns).

hawla the Twirler (Minotaur Gladiator)              Turns: 2175, Time: 00:04:39

Health: -7/45      AC:  7    Str: 20    XL:     5   Next: 84%
Magic:  13/13      EV: 13    Int:  7    God:
Gold:   52         SH:  0    Dex: 11    Spells: 4/4 levels left

rFire    . . .     SeeInvis .   g - +0 hand axe
rCold    . . .     Gourm    .   (no shield)
rNeg     . . .     Faith    .   e - +0 ring mail
rPois    .         Spirit   .   c - +0 hat
rElec    .         Reflect  .   (no cloak)
rCorr    .         Harm     .   (no gloves)
MR       .....                  (no boots)
Stlth    +.........             m - amulet of inaccuracy
HPRegen  0.15/turn              b - ring of magical power
MPRegen  0.13/turn              (no ring)

@: stab, flying
A: retaliatory headbutt, horns 2, iridescent scales 1, clever 1
a: no special abilities


You were on level 3 of the Dungeon.
You were not hungry.

You visited 1 branch of the dungeon, and saw 3 of its levels.

You collected 52 gold pieces.

Inventory:

Hand Weapons
 a - a +0 quarterstaff
 g - a +0 hand axe (weapon)
Missiles
 d - 2 throwing nets (quivered)
Armour
 c - a +0 hat (worn)
 e - a +0 ring mail (worn)
Jewellery
 b - a ring of magical power (left hand)
 m - an amulet of inaccuracy (around neck)
Scrolls
 h - 4 scrolls of identify
Comestibles
 f - 8 rations
 i - 5 chunks of flesh


   Skills:
 + Level 3.0 Fighting
 + Level 0.4 Axes
 + Level 5.5 Staves
 + Level 2.2 Throwing
 + Level 3.0 Armour
 * Level 4.8 Dodging


You had 4 spell levels left.
You didn't know any spells.
Your spell library was empty.

Dungeon Overview and Level Annotations

Branches:
Dungeon (3/15)

Altars:
The Shining One


Innate Abilities, Weirdness & Mutations

You reflexively headbutt those who attack you in melee.
You have a pair of horns on your head.
You are partially covered in iridescent scales. (AC +2)
Your mind is acute. (Int +2)


Message History

The orc priest closely misses you.
You slash the orc priest!
You kill the orc priest!
Your Armour skill increases to level 3!
You hit something.
An orc wizard appears from thin air!
Reactivating autopickup.
The orc wizard hits you but does no damage. x2
You miss the orc wizard. Your headbutt misses the orc wizard.
The orc wizard is moderately wounded.
The orc wizard hits you but does no damage.
You slash the orc wizard! Your headbutt misses the orc wizard.
The orc wizard is severely wounded.
The orc wizard hits you but does no damage.
You barely miss the orc wizard. Your headbutt misses the orc wizard.
The orc wizard is severely wounded.
The orc wizard hits you with a +0 dagger.
* * * LOW HITPOINT WARNING * * *
The orc wizard points at you and mumbles some strange words.
The puff of flame hits you!
You die...

#..:....... #.........
#......... ###........#
..#........# #.#........#
####.#.....)..# #..........)@)#
#.....######o## #.....# #.#
###.....# ###.######
........####........#
...........o........###########
..........oo........#..........
...##.......##......#.#########
... #.......#.......#.# #....


You could see an orc wizard.

Vanquished Creatures
  An ogre (D:2)
  2 orc priests (D:3)
  An orc wizard (D:3)
  An adder (D:3)
  2 worms (D:2)
  A dart slug (D:1)
  A leopard gecko (D:1)
  5 orcs
  10 bats
  A giant cockroach (D:2)
  7 goblins
  6 hobgoblins
  8 jackals (D:2)
  4 kobolds
  3 frilled lizards
  6 rats
59 creatures vanquished.

Notes
Turn   | Place    | Note
-------+----------+-------------------------------------------
     0 | D:1      | hawla the Minotaur Gladiator began the quest for the Orb.
     0 | D:1      | Reached XP level 1. HP: 18/18 MP: 0/0
   404 | D:1      | Reached XP level 2. HP: 21/25 MP: 1/1
   690 | D:1      | Found a glowing golden altar of the Shining One.
   717 | D:1      | Reached skill level 4 in Staves
  1131 | D:1      | Reached skill level 1 in Armour
  1285 | D:2      | Reached XP level 3. HP: 30/30 MP: 2/2
  1285 | D:2      | Noticed an ogre
  1290 | D:2      | Killed an ogre
  1290 | D:2      | Reached XP level 4. HP: 36/37 MP: 3/3
  1406 | D:2      | Reached skill level 5 in Staves
  1763 | D:2      | Reached XP level 5. HP: 40/44 MP: 4/4
  2157 | D:3      | Gained mutation: Your mind is acute. (Int +2) [potion of
                  | mutation]
  2157 | D:3      | Gained mutation: You are agile. (Dex +2) [potion of
                  | mutation]
  2157 | D:3      | Lost mutation: You are agile. (Dex +2) [potion of mutation]
  2157 | D:3      | Gained mutation: You are partially covered in iridescent
                  | scales. (AC +2) [potion of mutation]
  2170 | D:3      | HP: 2/44 [orc priest/divine providence (9)]
  2175 | D:3      | HP: 2/45 [orc wizard/+0 dagger (1)]
  2175 | D:3      | Killed from afar by an orc wizard

Illustrated notes

Levels and vault maps discovered:
D:1:      mushboom_english_gardens, layout_basic, tso_metal_star
D:2:      layout_loops_ring, st_stairs_13, chequers_serial_rivers_marsh
D:3:      layout_basic, cheibrodos_ashenzari_chains

Skill      XL: |  1  2  3  4  5 |
---------------+----------------+-----
Staves         | 4 5 |  5.5
Armour         | 1 2 3 |  3.0
Dodging        | 4 |  4.8
Fighting       | 3 |  3.0
Axes           | |  0.4
Throwing       | |  2.2

Action                   |  1- 3 |  4- 6 || total
-------------------------+-------+-------++-------
Melee: Quarterstaff      |    65 |    63 ||   128
       Headbutt          |     9 |    11 ||    20
       Hand axe          |       |    11 ||    11
Throw: Throwing net      |     1 |     1 ||     2
  Use: Scroll            |     2 |     2 ||     4
       Potion            |       |     5 ||     5
  Eat: Chunk             |     1 |     3 ||     4
Armor: Leather armour    |     6 |       ||     6
       Ring mail         |     9 |    35 ||    44
Dodge: Dodged            |    58 |    85 ||   143
